 Dungeon Crawl Stone Soup version 0.28.0-53-g5a82cb258f (webtiles) character file.

Game seed: 7253631898833123474

275 Logoto the Conjurer (level 6, -2/47 HPs)
             Began as a Draconian Conjurer on Aug 3, 2022.
             Slain by Duvessa
             ... wielding a +0 short sword
              (3 damage)
             ... on level 4 of the Dungeon.
             The game lasted 00:14:37 (3705 turns).

Logoto the Conjurer (Draconian Conjurer)            Turns: 3705, Time: 00:14:38

Health: -2/47      AC:  7    Str: 12    XL:     6   Next: 3%
Magic:  0/10       EV: 12    Int: 18    God:
Gold:   85         SH:  0    Dex:  9    Spells: 8/11 levels left

rFire   . . .      SeeInvis .   n - +2 flail (vorpal)
rCold   . . .      Faith    .   p - orb {guile}
rNeg    . . .      Spirit   +   (armour unavailable)
rPois   .          Reflect  .   (helmet restricted)
rElec   .          Harm     .   o - +0 cloak
rCorr   .          Rampage  .   (no gloves)
Will    .....                   (no boots)
Stlth   ++........              e - amulet of guardian spirit
HPRegen 0.15/turn               (no ring)
MPRegen 0.12/turn               (no ring)

@: no status effects
A: AC +6, unfitting armour, cold-blooded
a: no special abilities


You were on level 4 of the Dungeon.
You visited 1 branch of the dungeon, and saw 4 of its levels.

You collected 85 gold pieces.

Inventory:

Hand Weapons
 a - a +0 short sword
 h - a +1 whip of venom
 n - a +2 vorpal flail (weapon)
Armour
 o - a +0 cloak (worn)
 p - an orb of guile (worn)
Magical Staves
 g - a staff of earth
Jewellery
 e - an amulet of guardian spirit (around neck)
Wands
 m - a wand of digging (2)
 u - a wand of flame (7)
Scrolls
 b - a scroll of acquirement {unknown}
 c - a scroll of amnesia {unknown}
 d - a scroll of identify {unknown}
 j - 2 scrolls of enchant weapon {unknown}
 k - 2 scrolls of fog {unknown}
 l - a scroll of fear {unknown}
 q - a scroll of teleportation {unknown}
 w - a scroll of vulnerability {unknown}
Potions
 f - a potion of magic
 i - a potion of heal wounds {unknown}
 r - a potion of might {unknown}
 s - a potion of mutation {unknown}
 t - a potion of curing {unknown}
 v - a potion of flight {unknown}


   Skills:
 + Level 1.0 Fighting
 - Level 0.1 Short Blades
 * Level 2.6 Maces & Flails
 + Level 2.3 Dodging
 + Level 2.3 Stealth
 + Level 3.0 Spellcasting
 + Level 5.4 Conjurations


You had 8 spell levels left.
You knew the following spells:

 Your Spells              Type           Power      Damage    Failure   Level
a - Magic Dart            Conj           88%        1d7       1%          1
b - Searing Ray           Conj           44%        2d6       2%          2

Your spell library contained the following spells:

 Spells                   Type           Power      Damage    Failure   Level
 Apportation              Tloc           4%         N/A       16%         1
 Dazzling Flash           Conj/Hex       24%        N/A       16%         3
 Corpse Rot               Necr/Air       4%         N/A       24%         2
 Poisonous Vapours        Pois/Air       4%         N/A       24%         2
 Fulminant Prism          Conj/Hex       6%         3d7       45%         4
 Iskenderun's Mystic Bla  Conj/Tloc      12%        2d5       45%         4
 Alistair's Intoxication  Tmut/Pois      1%         N/A       99%         5


Dungeon Overview and Level Annotations

Branches:
Dungeon (4/15)             Temple (0/1) D:4

Altars:
Ashenzari
Makhleb
Zin

Shops:
D:3 [

Annotations:
D:4 Duvessa


Innate Abilities, Weirdness & Mutations

Your plain brown scales are hard. (AC +6)
You cannot fit into any form of body armour.
You are cold-blooded and may be slowed by cold attacks.


Message History

v - a ruby potion;
w - a scroll labelled YKLYCIEMAN You see here a +0 club.
Duvessa, Sister of Dowan comes into view.
She is wielding a +0 short sword.
Duvessa goes berserk!
You hit Duvessa but do no damage. Duvessa hits you with a +0 short sword!
Duvessa hits you with a +0 short sword.
Casting: Magic Dart (safe; 1% risk of failure)
Confirm with . or Enter, or press ? or * to list all spells.
Aiming: Searing Ray (safe; 2% risk of failure)
Press: ? - help, Shift-Dir - straight line, f - Duvessa
Aim: Duvessa, wielding a +0 short sword and wearing a +0 ring mail (berserk, 84% to hit)
The searing ray hits Duvessa.
Duvessa is lightly wounded. (Press . to maintain the ray.) Duvessa completely misses you.
The searing ray hits Duvessa.
Duvessa is lightly wounded.
Duvessa hits you with a +0 short sword. Duvessa barely misses you.
The searing ray hits Duvessa!
Duvessa is moderately wounded.
Duvessa barely misses you.
The searing ray misses Duvessa.
You finish channelling your searing ray.
Duvessa hits you with a +0 short sword! x2
* * * LOW HITPOINT WARNING * * *
Duvessa closely misses you. Duvessa barely misses you.
Duvessa rages.
Duvessa barely misses you. Duvessa hits you but does no damage.
Duvessa rages.
Duvessa hits you with a +0 short sword!
* * * LOW HITPOINT WARNING * * *
It was a potion of magic.
Magic courses through your body. Duvessa closely misses you.
Duvessa closely misses you. Duvessa hits you with a +0 short sword!
There is a fountain of clear blue water here.
Duvessa hits you with a +0 short sword.
You die...

....## #....)......# #.......
..#######...........#
#.......
....................#
#.......
..##########.......##
######.. .. #.......# #.. ..
#.......# #.. .. #...⌠...#
#######.. .. #....e..#
#........ .. ##⌠.>@⌠.#
#........ #. . #.....##
####........ ... #..⌠...#
#...........
.....####......###...........
.............................
.....#############.....######
... #....<#.##### . #.#####.#
#.# #.#


You could see Duvessa (berserk).

Vanquished Creatures
  Dowan (D:4)
  A centaur zombie (D:3)
  2 hounds (D:4)
  An iguana (D:4)
  An adder (D:2)
  2 river rats (D:3)
  A worm (D:3)
  A dart slug (D:2)
  10 orcs
  5 ball pythons
  7 endoplasms
  5 giant cockroaches
  4 goblins
  3 hobgoblins
  5 kobolds
  3 quokkas
  3 bats
  7 frilled lizards
  9 rats
71 creatures vanquished.

Notes
Turn   | Place    | Note
-------+----------+-------------------------------------------
     0 | D:1      | Logoto the Draconian Conjurer began the quest for the Orb.
     0 | D:1      | Reached XP level 1. HP: 14/14 MP: 3/3
   244 | D:1      | Reached XP level 2. HP: 14/20 MP: 1/5
   719 | D:1      | You fall into a shaft and drop 1 floor!
   856 | D:2      | Reached XP level 3. HP: 26/26 MP: 6/6
   976 | D:2      | Found a broken altar of Ashenzari.
   981 | D:2      | Found a faded altar of an unknown god.
  1502 | D:3      | Learned a level 2 spell: Searing Ray
  1534 | D:3      | Reached skill level 5 in Conjurations
  1825 | D:3      | Found Kyisoa's Antique Armour Boutique.
  1842 | D:3      | Reached skill level 1 in Maces & Flails
  1842 | D:3      | Reached XP level 4. HP: 25/33 MP: 2/7
  2115 | D:3      | Found a glowing drain.
  2197 | D:3      | Found a burning altar of Makhleb.
  2226 | D:3      | Found a glowing silver altar of Zin.
  2226 | D:3      | Noticed a blizzard demon
  2226 | D:3      | Noticed an angel
  2406 | D:4      | Reached XP level 5. HP: 26/39 MP: 1/9
  3155 | D:4      | Found a staircase to the Ecumenical Temple.
  3193 | D:4      | Found a broken altar of Ashenzari.
  3479 | D:4      | Noticed Dowan
  3523 | D:4      | Killed Dowan
  3524 | D:4      | Reached skill level 1 in Fighting
  3524 | D:4      | Reached XP level 6. HP: 35/47 MP: 0/10
  3684 | D:4      | Noticed Duvessa
  3699 | D:4      | HP: 1/47 [Duvessa/+0 short sword (6)]
  3705 | D:4      | Slain by Duvessa

Illustrated notes

Levels and vault maps discovered:
D:1:      ncdulo_watergridlock, layout_loops_ring
D:2:      layout_basic, dreamdust_ecumenical_altar_angels_and_demons,
          basic_altar, minmay_pentomino_o2
D:3:      layout_rooms, grunt_temple_overflow_order_and_chaos_2,
          portal_sewer_entry_e, serial_shops, nicolae_square_shop
D:4:      layout_basic, mainiacjoe_overflow_small_starburst, temple_fountains,
          uniq_duvessa

Skill      XL: |  1  2  3  4  5 |
---------------+----------------+-----
Stealth        | 2 |  2.3
Dodging        | 2 |  2.3
Conjurations   | 5 |  5.4
Maces & Flails | 1 2 |  2.6
Fighting       | 1 |  1.0
Spellcasting   | 3 |  3.0
Short Blades   | |  0.1

Action                   |  1- 3 |  4- 6 || total
-------------------------+-------+-------++-------
Melee: Short sword       |    26 |       ||    26
       Unarmed           |     2 |       ||     2
       Tailslap          |     7 |     1 ||     8
       Whip              |    22 |       ||    22
       Flail             |    11 |    41 ||    52
 Cast: Magic Dart        |    48 |    34 ||    82
       Searing Ray       |     3 |     8 ||    11
  Use: Potion            |       |     1 ||     1
 Stab: Sleeping          |     1 |       ||     1
Armor: Skin              |    24 |    16 ||    40
Dodge: Dodged            |    43 |    31 ||    74
